 Dungeon Crawl Stone Soup version 0.19.5 (webtiles) character file.

1430 Monsterracer the Fighter (level 8, -2/133 HPs)
             Began as an Ogre Arcane Marksman on Sept 9, 2017.
             Was a Follower of Ru.
             Slain by a river rat (8 damage)
             ... summoned by Eustachio
             ... on level 6 of the Dungeon.
             The game lasted 00:14:21 (6611 turns).

Monsterracer the Fighter (Ogre Arcane Marksman)     Turns: 6611, Time: 00:14:22

Health: -2/133     AC:  7    Str: 24    XL:     8   Next: 73%
Magic:  9/9        EV: 10    Int: 12    God:    Ru [*.....]
Gold:   85         SH:  0    Dex:  7    Spells: 0 memorised, 9 levels left

rFire  . . .     SeeInvis .     A - +2 morningstar (holy)
rCold  . . .     Gourm    .     a - +1 robe
rNeg   . . .     Faith    .     (no shield)
rPois  .         Spirit   .     (helmet restricted)
rElec  .         Reflect  .     (no cloak)
rCorr  .         Harm     .     (gloves unavailable)
MR     .....                    (boots unavailable)
Stlth  ..........               (no amulet)
                                n - +3 ring of protection
                                b - ring of loudness

@: berserking, very quick
A: unfitting armour, clumsy 1, tough skin 1, hated by all
a: Renounce Religion


You were on level 6 of the Dungeon.
You worshipped Ru.
Ru was aware of your devotion.
You were hungry.

You visited 1 branch of the dungeon, and saw 6 of its levels.

You collected 277 gold pieces.
You spent 192 gold pieces at shops.

Inventory:

Hand Weapons
 t - a +0 giant club
 A - a +2 morningstar of holy wrath (weapon)
 D - a +0 giant spiked club
Missiles
 d - 4 throwing nets {!a}
 k - 4 large rocks
 w - 7 javelins
 x - 11 tomahawks (quivered)
Armour
 a - a +1 robe (worn)
Jewellery
 b - a ring of loudness (left hand)
 c - a +5 ring of dexterity {unknown}
 g - an uncursed ring of stealth
 n - a +3 ring of protection (right hand)
 y - an uncursed ring of protection from cold {unknown}
Wands
 i - a wand of acid (6/15)
Scrolls
 r - 3 scrolls of enchant armour
 u - 2 scrolls of teleportation
Potions
 e - 2 potions of brilliance
 h - 2 potions of heal wounds
 j - a potion of invisibility
 l - a potion of flight {unknown}
 m - a potion of ambrosia
 q - 2 potions of lignification
 v - a potion of curing {unknown}
 B - a potion of might {unknown}
 C - a potion of mutation {unknown}
Comestibles
 f - 7 bread rations
 o - 6 meat rations
 p - 5 beef jerkies
 s - 3 fruits


   Skills:
 * Level 8.3 Fighting
 * Level 8.2 Maces & Flails
 + Level 4.4 Throwing
 - Level 3.6 Dodging
 - Level 1.2 Spellcasting
   Level 2.1 Hexes


You had 9 spell levels left.
You didn't know any spells.

Dungeon Overview and Level Annotations

Branches:
Dungeon (6/15)             Temple (0/1) D:5

Altars:
Elyvilon
Kikubaaqudgha
Makhleb
Ru
Yredelemnul
Zin

Shops:
D:5 (

Annotations:
D:6 Edmund, Eustachio


Innate Abilities, Weirdness & Mutations

You are too large for most types of armour.
You are clumsy. (Dex -2)
You have tough skin. (AC +1)
You are hated by all.


Message History

A red film seems to cover your vision as you go berserk!
You feel yourself moving faster!
You feel mighty!
Edmund hits you with a flail of protection.
* * * LOW HITPOINT WARNING * * *
The river rat closely misses you.
You barely miss Edmund.
Edmund hits you with a flail of protection!
* * * LOW HITPOINT WARNING * * *
Huge Dmg: -6%(-9hp) hp: 7%(8hp)
You closely miss the river rat.
The river rat is heavily wounded.
The river rat barely misses you.
Eustachio casts a spell.
Unknown command.
You barely miss the river rat.
The river rat is heavily wounded.
Edmund hits you with a flail of protection.
* * * LOW HITPOINT WARNING * * *
The river rat bites you!
You die...

#.# ##. #.# ### ## #####
#.# ... # ... #.# #.# #.#
#.# #.# ####.## #.# #.#
##### #.?...# #.# #.#
#.... #....r#####.####.#
#.###
#...@r@@r........###.#
#.......r#####..........#
##.#...5.# ######.#####
...####.## #.# .# #.# #.#
..# #.# ##.# #.# #. #.#
#.


You could see Edmund, Eustachio, a quasit, 2 river rats, a quokka and a rat.

Vanquished Creatures
  Sigmund (D:4)
  A phantom (D:4)
  An ice beast (D:5)
  The ghost of Monsterracer the Cudgeler, an amateur OgGl of Hepliaklqana (D:3)
  2 ogres (D:6)
  A bullfrog (D:6)
  A vampire bat (D:3)
  A howler monkey (D:5)
  2 crimson imps (D:5)
  A bullfrog zombie (D:6)
  2 jellies (D:5)
  2 hounds
  An orc priest (D:4)
  2 orc wizards
  A bullfrog skeleton (D:5)
  3 iguanas
  2 worker ants
  3 hound skeletons
  Robin (D:2)
  A gnoll (D:1)
  7 adders
  An adder zombie (D:5)
  2 worms
  A dart slug (D:2)
  5 leopard geckos
  12 orcs
  15 bats
  4 giant cockroaches
  11 goblins
  5 hobgoblins
  3 jackals (D:2)
  5 kobolds
  2 quokkas
  8 frilled lizards
  4 rats
115 creatures vanquished.

Notes
Turn   | Place    | Note
-------+----------+-------------------------------------------
     0 | D:1      | Monsterracer the Ogre Arcane Marksman began the quest for the Orb.
     0 | D:1      | Reached XP level 1. HP: 19/19 MP: 2/2
   458 | D:1      | HP: 10/20 [frilled lizard (1)]
   647 | D:1      | Reached XP level 2. HP: 24/28 MP: 3/3
  1064 | D:1      | Reached skill level 1 in Maces & Flails
  1064 | D:1      | HP: 12/28 [gnoll (8)]
  1344 | D:2      | Reached XP level 3. HP: 36/36 MP: 4/4
  1440 | D:2      | Found a sacrificial altar of Ru.
  1453 | D:2      | Reached XP level 4. HP: 40/45 MP: 5/5
  1475 | D:2      | Became a worshipper of Ru the Awakened
  1600 | D:2      | Noticed Robin
  1686 | D:2      | Killed Robin
  1687 | D:2      | HP: 22/46 [hobgoblin[Robin] (3)]
  1692 | D:2      | HP: 13/46 [bat (1)]
  1699 | D:2      | HP: 13/46 [bat (1)]
  1705 | D:2      | HP: 12/46 [bat (1)]
  2045 | D:2      | Found a burning altar of Makhleb.
  2378 | D:3      | Reached XP level 5. HP: 49/53 MP: 6/6
  2383 | D:3      | Noticed Monsterracer's ghost (amateur OgGl)
  2413 | D:3      | Killed Monsterracer's ghost
  2630 | D:3      | Found an ancient bone altar of Kikubaaqudgha.
  2860 | D:3      | Gained mutation: You are hated by all. [Ru sacrifice]
  2860 | D:3      | Reached * piety under Ru
  2920 | D:3      | Reached skill level 5 in Maces & Flails
  2920 | D:3      | Reached XP level 6. HP: 62/63 MP: 7/7
  3282 | D:4      | Found a white marble altar of Elyvilon.
  3555 | D:4      | Found a basalt altar of Yredelemnul.
  3909 | D:4      | Reached skill level 5 in Fighting
  4081 | D:4      | Noticed a phantom
  4221 | D:4      | Killed a phantom
  4221 | D:4      | Reached XP level 7. HP: 67/72 MP: 8/8
  4795 | D:5      | Entered Level 5 of the Dungeon
  4798 | D:5      | Noticed Sigmund
  4958 | D:4      | Killed Sigmund
  5101 | D:5      | Found Daam's Weapon Shoppe.
  5163 | D:5      | HP: 38/76 [acid (6)]
  5402 | D:5      | Reached XP level 8. HP: 84/84 MP: 9/9
  5585 | D:5      | Found a glowing silver altar of Zin.
  5589 | D:5      | Found a staircase to the Ecumenical Temple.
  5590 | D:5      | Gained mutation: You are clumsy. (Dex -2) [Ru sacrifice]
  5778 | D:5      | Bought a +2 morningstar of holy wrath for 192 gold pieces
  6065 | D:5      | Found a glowing silver altar of Zin.
  6582 | D:6      | Noticed Eustachio
  6583 | D:6      | Noticed Edmund
  6604 | D:6      | HP: 40/89 [river rat[Eustachio] (5)]
  6607 | D:6      | HP: 13/89 [river rat[Eustachio] (7)]
  6611 | D:6      | HP: 6/133 [Edmund/flail of protection (2)]
  6611 | D:6      | Slain by a river rat

Skill      XL: |  1  2  3  4  5  6  7  8 |
---------------+-------------------------+-----
Fighting       | 2 3 4 5 6 8 |  8.3
Dodging        | 2 3 |  3.6
Maces & Flails | 2 3 4 5 6 8 |  8.2
Throwing       | 3 4 |  4.4
Spellcasting   | |  1.2
Hexes          | |  2.1

Action                   |  1- 3 |  4- 6 |  7- 9 || total
-------------------------+-------+-------+-------++-------
Melee: Dagger            |    14 |       |       ||    14
       Unarmed           |    12 |       |       ||    12
       Whip              |    29 |   128 |       ||   157
       Flail             |       |   167 |   111 ||   278
       Morningstar       |       |       |    59 ||    59
Throw: Large rock        |    13 |     2 |       ||    15
       Stone             |       |    15 |       ||    15
       Tomahawk          |       |     3 |    14 ||    17
       Throwing net      |       |       |     1 ||     1
 Cast: Corona            |     3 |       |       ||     3
Invok: Sacrifice Love    |       |     1 |       ||     1
       Sacrifice Purity  |       |       |     1 ||     1
  Use: Scroll            |       |    13 |     4 ||    17
       Potion            |       |       |     1 ||     1
 Stab: Sleeping          |     2 |     1 |       ||     3
  Eat: Chunk             |     2 |     9 |     7 ||    18
Armor: Robe              |    22 |   166 |    65 ||   253
       Skin              |       |     1 |       ||     1
Dodge: Dodged            |    44 |   219 |    86 ||   349
